 Dungeon Crawl Stone Soup version 0.27-a0-1149-g4505690ab0 (webtiles) character file.

Game seed: 12941870705991814715

55 Strat the Skirmisher (level 3, 0/30 HPs)
             Began as a Barachi Warper on May 13, 2021.
             Slain by a bat (1 damage)
             ... on level 3 of the Dungeon.
             The game lasted 00:04:05 (2963 turns).

Strat the Skirmisher (Barachi Warper)               Turns: 2963, Time: 00:04:05

Health: 0/30       AC:  3    Str: 12 (13) XL:     3   Next: 93%
Magic:  6/6        EV: 11    Int: 10 (13) God:
Gold:   59         SH:  0    Dex:  9 (11) Spells: 6/6 levels left

rFire    . . .     SeeInvis .   a - +0 falchion
rCold    . . .     Faith    .   (no shield)
rNeg     . . .     Spirit   .   b - +0 leather armour
rPois    .         Reflect  .   (no helmet)
rElec    .         Harm     .   (no cloak)
rCorr    .         Rampage  .   (no gloves)
Will     .....                  (no boots)
Stlth    +.........             (no amulet)
HPRegen  0.10/turn              (no ring)
MPRegen  0.10/turn              (no ring)

@: unable to hop, hasted, quick
A: amphibious, slowness 1, strong legs 1, +LOS
a: Hop


You were on level 3 of the Dungeon.
You visited 1 branch of the dungeon, and saw 3 of its levels.

You collected 59 gold pieces.

Inventory:

Hand Weapons
 a - a +0 falchion (weapon)
Missiles
 e - 5 boomerangs of dispersal
 f - 42 stones
 k - 6 poisoned darts (quivered)
Armour
 b - a +0 leather armour (worn)
Scrolls
 c - 5 scrolls of identify {unknown}
 h - a scroll of teleportation {unknown}
 j - a scroll of noise {unknown}


   Skills:
 + Level 3.9 Fighting
 + Level 3.9 Long Blades
 - Level 1.0 Throwing
 - Level 1.2 Armour
 - Level 2.1 Dodging
 - Level 2.1 Spellcasting
 - Level 3.2 Translocations


You had 6 spell levels left.
You didn't know any spells.
Your spell library contained the following spells:

 Spells                   Type           Power      Damage    Failure   Level
 Blink                    Tloc           N/A        N/A       16%         2
 Gell's Gravitas          Tloc           3%         N/A       30%         3
 Lesser Beckoning         Tloc           3%         N/A       30%         3
 Teleport Other           Tloc           7%         N/A       30%         3
 Manifold Assault         Tloc           7%         N/A       95%         5


Dungeon Overview and Level Annotations

Branches:
Dungeon (3/15)

Altars:


Innate Abilities, Weirdness & Mutations

You are amphibious.
You cover ground slowly.
You can hop short distances.
You have an extended range of vision and can be seen from far away.


Message History

Press: ? - help, Q - select action, (/) - cycle Shift-Dir - straight line, f/p - scorpion
Aim: a scorpion (56% to hit)
You throw a poisoned dart. The poisoned dart hits the scorpion.
The scorpion is poisoned.
The scorpion stings you. The scorpion stings you.
* * * LOW HITPOINT WARNING * * *
You are poisoned.
The scorpion poisons you!
* * * LOW HITPOINT WARNING * * *
You feel very sick.
Found 18 arrows.
Blink to where?
Press: ? - help, Dir - move target, p - scorpion
As you read the scroll of blinking, it crumbles to dust.
* * * LOW HITPOINT WARNING * * *
You feel sick.
Found a dagger.
Hop to where?
Press: ? - help, Dir - move target Boing!
You feel sick.
* * * LOW HITPOINT WARNING * * *
You feel sick.
It was a potion of degeneration.
There was something very wrong with that liquid.
You feel weakened.
You feel dopey.
You feel clumsy.
You feel sick.
It was a potion of haste.
You feel yourself speed up.
You feel sick.
It was a potion of magic.
Magic courses through your body.
The scorpion looks more healthy.
The bat barely misses you.
You riposte.
You barely miss the bat.
You feel sick. The bat closely misses you.
You feel sick.
You are no longer poisoned.
The bat hits you but does no damage. The bat closely misses you.
The bat hits you.
* * * LOW HITPOINT WARNING * * *
The bat hits you.
You die...

..........l######.....#
#........# #.###.#
#..###..## #.# #
#..######.#
#..##.....###.#
#..##..(..<...#
#..#...(..........#
#..##.##.####.#.###
#..sb@...# ..
##....##.# ## #######.
#. ##


You could see a scorpion and a bat.

Vanquished Creatures
  An adder (D:2)
  A dart slug (D:1)
  2 ball pythons (D:2)
  6 bats
  3 endoplasms (D:2)
  7 goblins
  2 hobgoblins
  3 jackals
  2 quokkas (D:1)
  4 frilled lizards
  5 kobolds
  7 rats
43 creatures vanquished.

Vanquished Creatures (others)
  A plant (D:1)
1 creature vanquished.

Grand Total: 44 creatures vanquished

Notes
Turn   | Place    | Note
-------+----------+-------------------------------------------
     0 | D:1      | Strat the Barachi Warper began the quest for the Orb.
     0 | D:1      | Reached XP level 1. HP: 17/17 MP: 3/3
   480 | D:1      | Reached XP level 2. HP: 23/23 MP: 5/5
  1076 | D:1      | Found a faded altar of an unknown god.
  1464 | D:1      | Reached XP level 3. HP: 23/29 MP: 6/6
  2942 | D:3      | Noticed a scorpion
  2963 | D:3      | HP: 1/30 [bat (1)]
  2963 | D:3      | Slain by a bat

Illustrated notes

Levels and vault maps discovered:
D:1:      tarquinn_simple_flora_water_b, layout_loops_ring,
          ebering_ecumenical_altar_box
D:2:      layout_rooms, minmay_vboxes
D:3:      layout_basic, serial_shops, nicolae_shop_crystal, uniq_grinder

Skill      XL: |  1  2 |
---------------+-------+-----
Fighting       | 3 |  3.9
Long Blades    | 3 |  3.9
Throwing       | |  1.0
Armour         | |  1.2
Dodging        | |  2.1
Spellcasting   | |  2.1
Translocations | |  3.2

Action                   || total
-------------------------++-------
Melee: Falchion          ||   138
Throw: Dart              ||     5
 Abil: Hop               ||     1
  Use: Potion            ||     3
       Scroll            ||     1
 Stab: Sleeping          ||     1
Armor: Leather armour    ||    35
Dodge: Dodged            ||    84
       Rpst.: Falchion   ||    28

Table legend: (Time is in decaauts)
 A = Elapsed time spent in this place.
 B = Non-inter-level travel time spent in this place.
 C = Inter-level travel time spent in this place.
 D = Time resting spent in this place.
 E = Time spent auto-exploring this place.
 F = Levels seen in this place.
 G = Mean time per level.
                   A        B        C        D        E       F      G
               +--------+--------+--------+--------+--------+-----+--------+
         Total |   3194 |   3080 |    114 |   1071 |   1587 |   3 | 1064.7 |
       Dungeon |   3194 |   3080 |    114 |   1071 |   1587 |   3 | 1064.7 |
               +--------+--------+--------+--------+--------+-----+--------+

Top non-repeatable levels by time:
     D:1: 1944 daAuts
     D:2: 1219 daAuts
     D:3: 29 daAuts
